 Dungeon Crawl Stone Soup version 0.27.1 (webtiles) character file.

Game seed: 6081920789579569123

765 shadowrider38 the Skirmisher (level 8, -3/61 HPs)
             Began as a Djinni Gladiator on Aug 28, 2021.
             Shot with a stone by Duvessa (13 damage)
             ... on level 4 of the Dungeon.
             The game lasted 00:17:06 (6621 turns).

shadowrider38 the Skirmisher (Djinni Gladiator)     Turns: 6621, Time: 00:17:06

Health: -3/61      AC:  6    Str: 13    XL:     8   Next: 8%
Gold:   220        EV: 13    Int: 13    God:
                   SH:  0    Dex: 14

rFire    + + .     SeeInvis .   a - +2 dagger (venom)
rCold    x . .     Faith    .   (no shield)
rNeg     . . .     Spirit   .   s - +0 robe
rPois    ∞         Reflect  .   c - +2 helmet
rElec    .         Harm     .   (no cloak)
rCorr    .         Rampage  .   r - +0 pair of gloves
Will     .....                  (boots unavailable)
Stlth    +.........             (no amulet)
HPRegen  0.20/turn              (no ring)
MPRegen  0.00/turn              (no ring)

@: flying
A: sickness immunity, fire resistance 2, cold vulnerability 1, float, innate
caster, hp casting, extra vitality 1
a: no special abilities


You were on level 4 of the Dungeon.
You visited 1 branch of the dungeon, and saw 4 of its levels.

You collected 220 gold pieces.

Inventory:

Hand Weapons
 a - a +2 dagger of venom (weapon)
 b - a +2 dagger of protection
 l - a +0 long sword
 u - the +6 hunting sling "Nioqen" {speed, +Blink}
   (You found it on level 4 of the Dungeon)

   Attacks with this weapon are significantly faster.
   +Blink:    It lets you blink.
Missiles
 d - 2 throwing nets
 g - 2 boomerangs
 v - 34 stones
Armour
 c - a +2 helmet (worn)
 q - a +0 leather armour
 r - a +0 pair of gloves (worn)
 s - a +0 robe (worn)
Scrolls
 e - a scroll of identify {unknown}
 f - a scroll of magic mapping {unknown}
 i - 2 scrolls of teleportation
 j - a scroll of brand weapon {unknown}
 k - 2 scrolls of enchant weapon
 n - a scroll of immolation {unknown}
 o - a scroll of holy word {unknown}
Potions
 h - a potion of haste {unknown}
 m - a potion of curing {unknown}
 p - a potion of ambrosia {unknown}
 t - a potion of lignification {unknown}
 w - 2 potions of mutation {unknown}
 x - a potion of flight {unknown}


   Skills:
 + Level 6.2 Fighting
 - Level 1.2(2.7) Short Blades
 - Level 3.8(3.9) Long Blades
 - Level 1.5 Throwing
 - Level 3.2 Dodging
 + Level 3.4 Spellcasting


You had 7 spell levels left.
You knew the following spells:

 Your Spells              Type           Power      Damage    Failure   Level
a - Sting                 Tmut/Pois      44%        1d5       5%          1
b - Passwall              Tmut/Erth      9%         N/A       9%          2
c - Dazzling Flash        Conj/Hex       22%        N/A       16%         3
Your spell library was empty.

Dungeon Overview and Level Annotations

Branches:
Dungeon (4/15)
 Temple: D:4-7

Altars:
Ashenzari
Yredelemnul

Annotations:
D:4 Duvessa


Innate Abilities, Weirdness & Mutations

You are immune to sickness and miasma.
You are immune to poison.
Your flesh is very heat resistant. (rF++)
You are vulnerable to cold. (rC-)
You float through the air rather than walking.
You learn spells naturally, not from books.
Your magical power is your life essence.
You have superior vitality. (+4 HP)


Message History

You throw a throwing net. The throwing net hits Duvessa.
Duvessa is caught in the net!
Duvessa struggles against the net.
You hit Duvessa but do no damage.
Duvessa struggles against the net.
You hit Duvessa.
Duvessa is poisoned.
Duvessa is lightly wounded.
Duvessa struggles against the net.
You hit Duvessa but do no damage.
Duvessa looks as sick as possible!
Duvessa is lightly wounded.
Duvessa struggles against the net.
The net rips apart, and Duvessa comes free!
Duvessa hits you with a +2 short sword of protection!
Press: ? - help, v - describe, . - travel
Here: Duvessa, wielding a +2 short sword of protection, wearing a +0 ring mail and quivering stones (lightly wounded, berserk, extremely poisoned)
The floor, spattered with blood.
Unknown command.
Duvessa completely misses you. Duvessa closely misses you.
Press: ? - help, v - describe, . - travel
Here: Duvessa, wielding a +2 short sword of protection, wearing a +0 ring mail and quivering stones (moderately wounded, berserk, very poisoned)
The floor.
Unknown command.
You barely miss Duvessa.
Duvessa is moderately wounded.
Duvessa completely misses you.
You hit Duvessa but do no damage.
Duvessa is moderately wounded.
Duvessa misses you. Duvessa misses you.
Casting: Dazzling Flash (dangerous; 16% risk of failure)
Confirm with . or Enter, or press ? or * to list all spells.
Duvessa is dazzled.
Duvessa hits you with a +2 short sword of protection. x2
Duvessa is nearby!
Duvessa is no longer berserk.
Duvessa unwields a +2 short sword of protection.
Duvessa wields a +0 hunting sling.
Duvessa shoots a stone.
The stone hits you!
* * * LOW HITPOINT WARNING * * *
Duvessa shoots a stone.
The stone hits you!
You die...

#.......)....(..)...#....
#..#########.#######..... #..#
#............. #..#
########...... #..# #...... #..#
#...... #..# #.#...#
#..############# #.#####
#.......@..e...# ####
#..##...######.####.##...
########.....#.............##.##
.........###...######.######.#.#
########## ##### #.#####.###.
#....<.## ## #######.###. ##.#.#
##.##


You could see Duvessa (blind, very poisoned, slow).

Vanquished Creatures
  A black bear (D:4)
  2 necrophages
  A centaur (D:4)
  A scorpion (D:3)
  Dowan (D:4)
  An orc priest (D:3)
  A hound (D:4)
  An iguana (D:4)
  An orc wizard (D:2)
  A hound skeleton (D:4)
  12 gnolls
  2 adders
  An adder skeleton (D:4)
  A worm (D:2)
  6 orcs
  2 endoplasms
  2 giant cockroaches (D:3)
  6 goblins
  7 hobgoblins
  4 jackals
  A quokka (D:2)
  5 ball pythons
  A bat (D:1)
  2 frilled lizards
  5 kobolds
  9 rats
77 creatures vanquished.

Notes
Turn   | Place    | Note
-------+----------+-------------------------------------------
     0 | D:1      | shadowrider38 the Djinni Gladiator began the quest for the
                  | Orb.
     0 | D:1      | Reached XP level 1. HP: 18/18 MP: 0/0
   357 | D:1      | Found a faded altar of an unknown god.
   465 | D:2      | Reached XP level 2. HP: 20/23 MP: 0/0
   763 | D:2      | Reached XP level 3. HP: 24/29 MP: 0/0
   763 | D:2      | Learned a level 1 spell: Sting
  1096 | D:2      | Found a basalt altar of Yredelemnul.
  1119 | D:2      | Reached skill level 3 in Fighting
  1516 | D:1      | Reached XP level 4. HP: 6/35 MP: 0/0
  2781 | D:3      | Reached XP level 5. HP: 35/40 MP: 0/0
  2781 | D:3      | Learned a level 2 spell: Passwall
  2949 | D:2      | Reached skill level 1 in Short Blades
  3254 | D:2      | Reached skill level 4 in Fighting
  3848 | D:3      | Reached skill level 1 in Spellcasting
  3848 | D:3      | Reached XP level 6. HP: 26/47 MP: 0/0
  4918 | D:4      | Noticed a necrophage
  4991 | D:3      | Killed a necrophage
  4992 | D:3      | Reached skill level 5 in Fighting
  4992 | D:3      | Reached XP level 7. HP: 22/54 MP: 0/0
  4992 | D:3      | Learned a level 3 spell: Dazzling Flash
  5343 | D:4      | Identified the +6 hunting sling "Nioqen" {speed, +Blink}
  5692 | D:4      | Found a broken altar of Ashenzari.
  5770 | D:4      | Reached skill level 6 in Fighting
  5770 | D:4      | Reached XP level 8. HP: 53/61 MP: 0/0
  6053 | D:4      | Noticed Dowan
  6188 | D:4      | Killed Dowan
  6593 | D:4      | Noticed Duvessa
  6621 | D:4      | Shot with a stone by Duvessa

Illustrated notes

Levels and vault maps discovered:
D:1:      amcnicky_arrival_wind_blow, layout_rooms,
          shapermc_ecumenical_altar_mp_highgroup, fountainhead
D:2:      layout_basic, basic_altar, grunt_ministairs_5,
          hangedman_abyss_or_decor_lesser_grid, cheibrodos_gnoll_hut
D:3:      layout_basic
D:4:      layout_loops_ring, nicolae_ashenzari_panopticon, uniq_duvessa

Skill      XL: |  1  2  3  4  5  6  7 |
---------------+----------------------+-----
Long Blades    | 3 |  3.8
Fighting       | 3 4 5 6 |  6.2
Short Blades   | 1 |  1.2
Spellcasting   | 1 2 3 |  3.4
Throwing       | |  1.5
Dodging        | |  3.2

Action                   |  1- 3 |  4- 6 |  7- 9 || total
-------------------------+-------+-------+-------++-------
Melee: Long sword        |    39 |       |       ||    39
       Dagger            |    40 |   167 |    82 ||   289
Throw: Throwing net      |       |       |     1 ||     1
 Cast: Sting             |       |     4 |     4 ||     8
       Dazzling Flash    |       |       |     4 ||     4
  Use: Scroll            |       |     4 |       ||     4
 Stab: Sleeping          |     1 |       |       ||     1
Armor: Leather armour    |    24 |    31 |       ||    55
       Robe              |       |    19 |    33 ||    52
Dodge: Dodged            |    59 |   122 |    56 ||   237
       Rpst.: Long sword |     7 |       |       ||     7
